AoeStats
← TheRemover

Fortress

510547198Analyzed
1v1 RM · 1d ago on Oct 1, 2026· 49m 54s· 2 players
Game mode
Random Map
Map size
Small (3 player)
Population
200
Speed
Normal
Resources
Standard
Victory
Conquest
Starting age
Dark Age
Ending age
Imperial Age
RankedLock teamsTeams togetherTeam positionsShared explorationLock speedFull tech treeHidden civsTurbo modeCheats
Victory
Defeat
🇻🇪 Turks · Venezuela
1129
+16
🇨🇱 Bohemians · Chile
1133
-16
eseijo
6:03 Feudal Age
7:14 Double-Bit Axe
7:54 Horse Collar
12:05 Wheelbarrow
16:09 Castle Age
14:39 Loom
14:47 Stone Mining
14:49 Gold Mining
14:46 Town Watch
17:15 Hand Cart
17:03 Heavy Plow
18:04 Fletching
28:44 Imperial Age
28:34 Husbandry
28:44 Bloodlines
33:11 Bodkin Arrow
34:08 Parthian Tactics
33:49 Thumb Ring
35:02 Ballistics
34:45 Bracer
36:13 Bow Saw
36:12 Padded Archer Armor
36:24 Forging
36:20 Scale Barding Armor
36:38 Masonry
37:13 Gold Shaft Mining
37:55 Architecture
38:16 Conscription
38:36 Guilds
40:13 Hoardings
39:55 Elite Janissary
41:20 Artillery
40:51 Elite Janissary
41:35 Artillery
42:04 Leather Archer Armor
42:25 Iron Casting
43:28 Town Patrol
43:43 Heavy Cavalry Archer
47:02 Ring Archer Armor
47:33 Blast Furnace
46:54 Chain Barding Armor
TheRemover
6:22 Loom
8:39 Feudal Age
12:31 Castle Age
11:26 Double-Bit Axe
13:55 Horse Collar
17:55 Wheelbarrow
22:11 Wagenburg Tactics
25:05 Chemistry
25:57 Padded Archer Armor
27:25 Leather Archer Armor
27:42 Horse Collar
34:49 Imperial Age
32:26 Pikeman
33:54 Hand Cart
33:48 Squires
34:47 Heavy Plow
34:56 Scale Mail Armor
35:16 Halberdier
36:53 Conscription
37:20 Chain Mail Armor
37:16 Forging
39:17 Plate Mail Armor
39:44 Ballistics
42:05 Ring Archer Armor
42:12 Iron Casting
41:57 Siege Engineers
42:56 Arson
46:39 Houfnice
48:57 Ballistics
Connection lost

Rejoining the realm…

Still unreachable

The connection could not be restored.

Session expired

The server has moved on; the page needs a fresh start.